 Dungeon Crawl Stone Soup version 0.25-a0-110-ge29c8f2358 (webtiles) character file.

Game seed: 9068825838820737081, levelgen mode: deterministic

292 night the Twirler (level 6, 0/43 HPs)
             Began as a Demonspawn Wanderer on Nov 19, 2019.
             Was an Initiate of Vehumet.
             Slain by a quasit (2 damage)
             ... summoned by Eustachio
             ... on level 4 of the Dungeon.
             The game lasted 00:08:12 (3494 turns).

night the Twirler (Demonspawn Wanderer)             Turns: 3494, Time: 00:08:12

Health: 0/43       AC:  5    Str: 12      XL:     6   Next: 10%
Magic:  6/6        EV: 12    Int: 13      God:    Vehumet [......]
Gold:   198        SH:  0    Dex: 13 (15) Spells: 5/5 levels left

rFire    . . .     SeeInvis .   a - +0 quarterstaff
rCold    . . .     Gourm    .   (shield currently unavailable)
rNeg     . . .     Faith    .   b - +2 leather armour
rPois    .         Spirit   .   (no helmet)
rElec    .         Reflect  .   (no cloak)
rCorr    .         Harm     .   (no gloves)
MR       .....                  (no boots)
Stlth    ++........             (no amulet)
HPRegen  0.14/turn              (no ring)
MPRegen  0.10/turn              (no ring)

@: hasted, very quick
A: powered by death 1, sturdy frame 2
a: Renounce Religion


You were on level 4 of the Dungeon.
You worshipped Vehumet.
Vehumet was noncommittal.
You were not hungry.

You visited 2 branches of the dungeon, and saw 5 of its levels.

You collected 198 gold pieces.

Inventory:

Hand Weapons
 a - a +0 quarterstaff (weapon)
 g - a +0 hunting sling
Missiles
 j - 112 stones (quivered)
 q - 68 bolts
 r - 6 javelins
Armour
 b - a +2 leather armour (worn)
 w - a +0 scale mail
Jewellery
 n - an uncursed ring of fire {unknown}
 t - an uncursed amulet of rage {unknown}
Wands
 v - a wand of enslavement (10)
Scrolls
 e - a scroll of amnesia {unknown}
 h - 2 scrolls of remove curse {unknown}
 l - a scroll of enchant weapon {unknown}
 o - a scroll of teleportation
 p - a scroll of random uselessness {unknown}
 s - a scroll of blinking {unknown}
 x - a scroll of fear {unknown}
Potions
 f - a potion of lignification {unknown}
 k - a potion of cancellation {unknown}
 m - a potion of brilliance {unknown}
 u - a potion of might {unknown}
Comestibles
 d - 6 rations


   Skills:
 - Level 1.0 Fighting
   Level 2.6 Short Blades
   Level 1.0(3.5) Maces & Flails
 + Level 5.5(5.6) Staves
 - Level 1.0 Armour
 - Level 1.7 Dodging
 - Level 1.0 Stealth
   Level 1.0 Shields


You had 5 spell levels left.
You didn't know any spells.
Your spell library was empty.

Dungeon Overview and Level Annotations

Branches:
Dungeon (4/15)             Temple (1/1) D:4

Altars:
Ashenzari
Cheibriados
Dithmenos
Kikubaaqudgha
Nemelex Xobeh
Okawaru
Qazlal
Trog
Vehumet
Zin
The Shining One

Annotations:
D:3 2 runed translucent doors, bmj180's ghost, amateur HONe
D:4 Eustachio


Innate Abilities, Weirdness & Mutations

You regenerate a little health from kills.
Your movements are less encumbered by armour. (ER -4)


Message History

The shadow imp misses you.
The quasit bites you but does no damage.
The quasit barely misses you. x2
It was a potion of haste.
You feel yourself speed up.
The river rat disappears in a puff of smoke!
The bat hits you. The bat closely misses you. The bat barely misses you.
Eustachio hits you with a +0 rapier.
* * * LOW HITPOINT WARNING * * *
The bat closely misses you. The iron imp barely misses you.
The quasit closely misses you. The quasit barely misses you. x2
The shadow imp gestures at you. Pain shoots through your body!
* * * LOW HITPOINT WARNING * * *
Unknown command.
You hit Eustachio but do no damage.
Eustachio is severely wounded.
The bat closely misses you. x2; Eustachio hits you with a +0 rapier.
* * * LOW HITPOINT WARNING * * *
The quasit bites you.
You die...

#######
########.....#
#####......#.....#
#..........#.....#
###..........'..b..#
..'........>.#b.b5.#
###........§.#r.@5.#
#..........#.5@§.#
#........@r###'###
#.........r....#
#....###########
#....# ##r### #.#
#.#


You could see Eustachio, an iron imp, a quasit, a river rat, a shadow imp and 3
bats.

Vanquished Creatures
  Jessica (D:2)
  Natasha (thrice) (D:2)
  An orc wizard (D:3)
  8 adders
  2 oozes
  2 worms
  A dart slug (D:1)
  4 leopard geckos
  7 orcs (D:3)
  A giant cockroach (D:3)
  7 goblins
  10 hobgoblins
  4 jackals
  3 kobolds
  10 bats
  3 frilled lizards
  A quokka skeleton (D:4)
  7 rats
75 creatures vanquished.

Notes
Turn   | Place    | Note
-------+----------+-------------------------------------------
     0 | D:1      | night the Demonspawn Wanderer began the quest for the Orb.
     0 | D:1      | night set off with the following items: a +0 quarterstaff,
                  | a +2 leather armour, a potion of curing, a ration
     0 | D:1      | Reached XP level 1. HP: 15/15 MP: 1/1
    64 | D:1      | Reached skill level 1 in Staves
   302 | D:1      | Gained mutation: Your movements are slightly less
                  | encumbered by armour. (ER -2) [demonic ancestry]
   302 | D:1      | Reached XP level 2. HP: 21/21 MP: 2/2
   438 | D:1      | Reached skill level 2 in Staves
   593 | D:1      | Gained mutation: You regenerate a little health from kills.
                  | [demonic ancestry]
   593 | D:1      | Reached XP level 3. HP: 26/26 MP: 3/3
  1019 | D:2      | Noticed Jessica
  1033 | D:2      | Killed Jessica
  1033 | D:2      | Reached skill level 3 in Staves
  1033 | D:2      | Gained mutation: Your movements are less encumbered by
                  | armour. (ER -4) [demonic ancestry]
  1033 | D:2      | Reached XP level 4. HP: 18/32 MP: 4/4
  1390 | D:2      | Noticed Natasha
  1402 | D:2      | Killed Natasha
  1402 | D:2      | Reached skill level 4 in Staves
  1419 | D:2      | Noticed Natasha
  1431 | D:2      | Killed Natasha
  1431 | D:2      | Reached XP level 5. HP: 13/37 MP: 5/5
  1630 | D:2      | Noticed Natasha
  1640 | D:2      | Killed Natasha
  2243 | D:3      | Reached skill level 5 in Staves
  2312 | D:3      | Found a stormy altar of Qazlal.
  2478 | D:3      | Noticed bmj180's ghost (amateur HONe)
  2479 | D:3      | Found a large runed translucent door.
  2479 | D:3      | Found a large runed translucent door.
  2584 | D:3      | Reached XP level 6. HP: 37/43 MP: 6/6
  3111 | D:4      | Found a staircase to the Ecumenical Temple.
  3119 | Temple   | Entered the Ecumenical Temple
  3170 | Temple   | Became a worshipper of Vehumet
  3219 | D:4      | Noticed Eustachio
  3494 | D:4      | HP: 2/43 [Eustachio/+0 rapier (3)]
  3494 | D:4      | Slain by a quasit

Levels and vault maps discovered:
D:1:      nicolae_arrival_washed_ashore, layout_loops_ring
D:2:      layout_rooms, uniq_natasha, uniq_jessica
D:3:      layout_rooms, nicolae_qazlal_general_emergency, first_ration,
          ebering_ghost_disaster_area
D:4:      layout_basic, grunt_temple_overflow_champion_of_chaos,
          grunt_temple_overflow_open, temple_green, uniq_edmund, uniq_eustachio
Temple:   cyrus_temple_forest

Skill      XL: |  1  2  3  4  5 |
---------------+----------------+-----
Staves         | 1 2 3 4 5 |  5.5
Fighting       | |  1.0
Short Blades   | |  2.6
Maces & Flails | |  1.0
Armour         | |  1.0
Dodging        | |  1.7
Stealth        | |  1.0
Shields        | |  1.0

Action                   |  1- 3 |  4- 6 || total
-------------------------+-------+-------++-------
Melee: Quarterstaff      |    92 |   210 ||   302
  Use: Potion            |       |     2 ||     2
       Scroll            |       |     1 ||     1
 Stab: Sleeping          |     2 |     2 ||     4
  Eat: Chunk             |       |     6 ||     6
       Ration            |       |     1 ||     1
Armor: Leather armour    |    33 |    96 ||   129
Dodge: Dodged            |    63 |   189 ||   252

Table legend:
 A = Non-vault XP
 B = Vault XP
 C = Vault XP percentage of total XP
 D = Non-vault monster count
 E = Vault monster count
 F = Vault count percentage of total count
                 A         B        C        D         E       F
            +---------+---------+-------+---------+---------+-------
      Total |     344 |      74 |  17.7 |      73 |       2 |   2.7
            +---------+---------+-------+---------+---------+-------
        D:1 |      53 |       0 |   0.0 |      26 |       0 |   0.0
        D:2 |     134 |      74 |  35.6 |      22 |       2 |   8.3
        D:3 |     143 |       0 |   0.0 |      23 |       0 |   0.0
        D:4 |      14 |       0 |   0.0 |       2 |       0 |   0.0
            +---------+---------+-------+---------+---------+-------
